 Dungeon Crawl Stone Soup version 0.31-a0-221-gbddc013574 (webtiles) character file.

Game seed: 163083918848423206

46 dialectric the Trooper (level 3, 0/29 HPs)
             Began as a Demonspawn Berserker on July 4, 2023.
             Was a Follower of Trog.
             Slain by a quokka (4 damage)
             ... on level 2 of the Dungeon.
             The game lasted 00:01:05 (970 turns).

dialectric the Trooper (Demonspawn Berserker)        Turns: 970, Time: 00:01:06

Health: 0/29       AC:  2    Str: 19    XL:     3   Next: 44%
Magic:  3/3        EV: 12    Int:  8    God:    Trog [*.....]
Gold:   26         SH:  0    Dex: 12    Spells: 2/2 levels left

rFire   . . .        a - +0 falchion
rCold   . . .        (no shield)
rNeg    . . .        b - +0 animal skin
rPois   .            (no helmet)
rElec   .            (no cloak)
rCorr   .            (no gloves)
SInv    .            (no boots)
Will    .....        (no amulet)
Stlth   +            (no ring)
HPRegen 0.24/turn    (no ring)
MPRegen 0.08/turn

%: no passive effects
@: no status effects
A: hooves 1
a: Renounce Religion, Berserk


You were on level 2 of the Dungeon.
You worshipped Trog.
Trog was aware of your devotion.
You visited 1 branch of the dungeon, and saw 2 of its levels.

You collected 26 gold pieces.

Inventory:

Hand Weapons
 a - a +0 falchion (weapon)
Missiles
 g - 2 throwing nets
Armour
 b - a +0 animal skin (worn)
 c - a +0 plate armour
 j - a +0 chain mail
Scrolls
 d - 2 scrolls of identify {unknown}
 e - 2 scrolls of blinking {unknown}
 f - a scroll of noise {unknown}
 n - a scroll of acquirement {unknown}
Potions
 h - a potion of cancellation {unknown}
 i - a potion of resistance {unknown}
 k - a potion of berserk rage {unknown}
 l - a potion of magic {unknown}
 m - 2 potions of curing {unknown}


   Skills:
 + Level 3.4 Fighting
 + Level 3.2 Long Blades
 * Level 2.0 Armour
 - Level 2.3 Dodging


You had 2 spell levels left.
You didn't know any spells.
Your spell library was empty.

Dungeon Overview and Level Annotations

Branches:
Dungeon (2/15)

Altars:


Innate Abilities, Weirdness & Mutations

You have large cloven feet.


Message History

You feel sick.
No target in view!
No target in view!
No target in view!
No target in view!
No target in view!
Found a scroll labelled BOGAG DUSK.
You feel sick.
You see here an adder corpse.
Unknown command.
You feel sick.
You feel sick.
You feel sick.
You feel sick.
A quokka comes into view.
You feel sick.
You feel sick.
You are no longer poisoned.
The quokka closely misses you. The quokka barely misses you.
You see here a scroll labelled BOGAG DUSK.
You are too injured to fight recklessly!
You closely miss the quokka. Your kick misses the quokka. The quokka bites you.
You miss the quokka.
The quokka bites you but does no damage.
The quokka barely misses you.
You closely miss the quokka.
The quokka bites you but does no damage.
You hit the quokka but do no damage. The quokka bites you.
* * * LOW HITPOINT WARNING * * *
The quokka barely misses you.
You hit the quokka but do no damage. Your kick misses the quokka.
The quokka closely misses you.
You hit the quokka.
The quokka is moderately wounded.
The quokka bites you.
* * * LOW HITPOINT WARNING * * *
You closely miss the quokka. You kick the quokka.
The quokka is heavily wounded.
The quokka barely misses you. The quokka bites you.
You die...

....... .......
....... ..#
....... #.#.
......#
....####......##
................
...#...@r.....#
......).####.##
........# ...
........##.#
...........#
...........#
...........#
...#####†### ###
#†#


You could see a quokka.

Vanquished Creatures
  2 adders (D:2)
  3 ball pythons
  3 bats
  2 endoplasms (D:2)
  3 giant cockroaches
  A goblin (D:1)
  4 hobgoblins
  2 kobolds
  A quokka (D:1)
  2 frilled lizards (D:1)
  3 rats
26 creatures vanquished.

Notes
Turn   | Place    | Note
-------+----------+-------------------------------------------
     0 | D:1      | dialectric the Demonspawn Berserker began the quest for the
                  | Orb.
     0 | D:1      | Reached XP level 1. HP: 18/18 MP: 1/1
   221 | D:1      | HP: 1/27 [hobgoblin (1)]
   222 | D:1      | Gained mutation: You have large cloven feet. [demonic
                  | ancestry]
   222 | D:1      | Reached XP level 2. HP: 1/24 MP: 2/2
   847 | D:2      | Reached XP level 3. HP: 25/29 MP: 3/3
   970 | D:2      | Slain by a quokka

Illustrated notes

Levels and vault maps discovered:
D:1:      wheals_arrival_linesprint, layout_rooms
D:2:      layout_basic

Skill      XL: |  1  2  3 |
---------------+----------+-----
Dodging        | 2 |  2.3
Long Blades    | 3 |  3.2
Armour         | 2 |  2.0
Fighting       | |  3.4

Action                     || total
---------------------------++-------
  Melee: Falchion          ||    88
         Kick              ||     9
         Punch             ||     1
 Invoke: Berserk           ||     1
   Stab: Sleeping          ||     1
 Armour: Animal skin       ||    18
  Dodge: Dodged            ||    81

Table legend: (Time is in decaauts)
 A = Elapsed time spent in this place.
 B = Non-inter-level travel time spent in this place.
 C = Inter-level travel time spent in this place.
 D = Time resting spent in this place.
 E = Time spent auto-exploring this place.
 F = Levels seen in this place.
 G = Mean time per level.
                   A        B        C        D        E       F      G
               +--------+--------+--------+--------+--------+-----+--------+
         Total |    987 |    906 |     81 |      6 |    676 |   2 |  493.5 |
       Dungeon |    987 |    906 |     81 |      6 |    676 |   2 |  493.5 |
               +--------+--------+--------+--------+--------+-----+--------+

Top non-repeatable levels by time:
     D:1: 852 daAuts
     D:2: 134 daAuts
